 Dungeon Crawl Stone Soup version 0.29-a0-275-g389c0b56f3 (webtiles) character file.

Game seed: 1626870590274737265

68 horus123 the Magician (level 4, -9/24 HPs)
             Began as a Deep Elf Conjurer on Mar 10, 2022.
             Killed by divine providence
             ... invoked by an orc priest
              (16 damage)
             ... on level 3 of the Dungeon.
             The game lasted 00:02:01 (2144 turns).

horus123 the Magician (Deep Elf Conjurer)           Turns: 2144, Time: 00:02:03

Health: -9/24      AC:  3    Str:  4    XL:     4   Next: 1%
Magic:  10/13      EV: 12    Int: 25    God:
Gold:   76         SH:  0    Dex: 13    Spells: 11/14 levels left

rFire   . . .      SeeInvis .   d - +0 rapier
rCold   . . .      Faith    .   (no shield)
rNeg    . . .      Spirit   .   a - +0 robe
rPois   .          Reflect  .   (no helmet)
rElec   .          Harm     .   p - +0 cloak
rCorr   .          Rampage  .   (no gloves)
Will    .....                   (no boots)
Stlth   ++........              (no amulet)
HPRegen 0.08/turn               (no ring)
MPRegen 0.13/turn               (no ring)

@: no status effects
A: no striking features
a: no special abilities


You were on level 3 of the Dungeon.
You visited 1 branch of the dungeon, and saw 3 of its levels.

You collected 76 gold pieces.

Inventory:

Hand Weapons
 d - a +0 rapier (weapon)
Armour
 a - a +0 robe (worn)
 p - a +0 cloak (worn)
Magical Staves
 f - a staff of cold
Jewellery
 n - an amulet of guardian spirit
Scrolls
 k - a scroll of identify
 l - 2 scrolls of teleportation
Potions
 b - a potion of magic
 c - 2 potions of brilliance {unknown}
 e - a potion of haste
 g - a potion of heal wounds {unknown}
 h - 2 potions of lignification {unknown}
 i - 2 potions of ambrosia {unknown}
 j - a potion of curing {unknown}
 m - a potion of degeneration {unknown}
 o - a potion of cancellation {unknown}


   Skills:
 - Level 2.4 Dodging
 - Level 2.4 Stealth
 + Level 5.9 Spellcasting
 - Level 4.3 Conjurations


You had 11 spell levels left.
You knew the following spells:

 Your Spells              Type           Power      Damage    Failure   Level
a - Magic Dart            Conj           100%       1d8       1%          1
b - Searing Ray           Conj           58%        2d6       1%          2

Your spell library contained the following spells:

 Spells                   Type           Power      Damage    Failure   Level
 Dazzling Flash           Conj/Hex       36%        N/A       9%          3
 Fulminant Prism          Conj/Hex       9%         3d7       30%         4
 Iskenderun's Mystic Bla  Conj/Tloc      18%        2d6       30%         4


Dungeon Overview and Level Annotations

Branches:
Dungeon (3/15)

Altars:


Message History

You hear a shout!
The magic dart hits the orc.
The orc is heavily wounded.
You hear a shout!
An orc comes into view. It is wielding a +0 short sword.
An orc comes into view. It is wielding a +0 dagger.
The magic dart hits the orc.
The orc is severely wounded.
An orc comes into view. It is wielding a +0 flail.
The magic dart hits the orc!
You kill the orc!
You have reached level 4!
You feel clever.
Things that are here:
a +0 dagger; an orc corpse The orc priest begins to cast a cantrip, but forgets the words!
The orc priest calls down the wrath of Beogh upon you.
Pain shoots through your body!
Casting: Magic Dart (safe; 1% risk of failure)
Confirm with . or Enter, or press ? or * to list all spells.
Aiming: Searing Ray (safe; 1% risk of failure)
Press: ? - help, Shift-Dir - straight line, f - orc priest
Aim: an orc priest, wielding a +0 dagger and wearing a +0 leather armour (79% to hit)
The searing ray hits the orc priest.
The orc priest is lightly wounded. (Press . to maintain the ray.) Unknown command.
The orc priest attacks as you move away!
The orc priest hits you with a +0 dagger.
The orc priest attacks as you move away!
The orc priest hits you with a +0 dagger.
The orc priest attacks as you move away!
The orc priest hits you with a +0 dagger.
The orc priest attacks as you move away!
The orc priest hits you with a +0 dagger.
* * * LOW HITPOINT WARNING * * *
The orc priest calls down the wrath of Beogh upon you.
Beogh smites you!
Ouch! That really hurt!
You die...

# #.##.## ..
#.##o# #. #..oo#
#.#####o########
#.#...#o###.....
#......)...†....
##....##o##.#...
#...####.# #...#
#@# #...####.##
#..........
##...####..#
#...........
#.†........#.
#..........##
##...#####.#
#.........#


You could see an orc priest and 2 orcs.

Vanquished Creatures
  Crazy Yiuf (D:2)
  A worm (D:2)
  A dart slug (D:3)
  An orc (D:3)
  3 ball pythons
  A bat (D:3)
  3 endoplasms (D:1)
  2 giant cockroaches
  A goblin (D:3)
  4 hobgoblins
  2 kobolds
  4 quokkas
  2 frilled lizards (D:2)
  6 rats
32 creatures vanquished.

Notes
Turn   | Place    | Note
-------+----------+-------------------------------------------
     0 | D:1      | horus123 the Deep Elf Conjurer began the quest for the Orb.
     0 | D:1      | Reached XP level 1. HP: 10/10 MP: 6/6
   270 | D:1      | Reached skill level 4 in Spellcasting
   270 | D:1      | Reached XP level 2. HP: 15/15 MP: 3/9
  1372 | D:2      | Learned a level 2 spell: Searing Ray
  1734 | D:2      | Found a runed translucent door.
  1735 | D:2      | Noticed Crazy Yiuf
  1743 | D:2      | Killed Crazy Yiuf
  1744 | D:2      | Reached skill level 5 in Spellcasting
  1744 | D:2      | Reached XP level 3. HP: 7/19 MP: 2/12
  2133 | D:3      | Reached XP level 4. HP: 24/24 MP: 11/13
  2144 | D:3      | Killed from afar by an orc priest

Illustrated notes

Levels and vault maps discovered:
D:1:      lightli_arrival_chessboard, layout_loops_cross
D:2:      layout_basic, uniq_crazy_yiuf_cottage
D:3:      layout_loops_cross, riverfiend_overflow_shadow_ancestor,
          ebering_ghost_rock_garden

Skill      XL: |  1  2 |
---------------+-------+-----
Spellcasting   | 4 5 |  5.9
Dodging        | |  2.4
Stealth        | |  2.4
Conjurations   | |  4.3

Action                   |  1- 3 |  4- 6 || total
-------------------------+-------+-------++-------
 Cast: Magic Dart        |    57 |       ||    57
       Searing Ray       |     2 |     1 ||     3
  Use: Scroll            |     4 |       ||     4
Dodge: Dodged            |     2 |       ||     2

Table legend: (Time is in decaauts)
 A = Elapsed time spent in this place.
 B = Non-inter-level travel time spent in this place.
 C = Inter-level travel time spent in this place.
 D = Time resting spent in this place.
 E = Time spent auto-exploring this place.
 F = Levels seen in this place.
 G = Mean time per level.
                   A        B        C        D        E       F      G
               +--------+--------+--------+--------+--------+-----+--------+
         Total |   2143 |   2077 |     66 |    160 |   1717 |   3 |  714.3 |
       Dungeon |   2143 |   2077 |     66 |    160 |   1717 |   3 |  714.3 |
               +--------+--------+--------+--------+--------+-----+--------+

Top non-repeatable levels by time:
     D:2: 1127 daAuts
     D:1: 831 daAuts
     D:3: 183 daAuts
